 Dungeon Crawl Stone Soup version 0.29-a0-885-gb26ba3297d (webtiles) character file.

Game seed: 10613500274769876730

46 Pooter the Chopper (level 3, 0/33 HPs)
             Began as a Minotaur Monk on July 20, 2022.
             Slain by a goblin
             ... wielding a +0 dagger
             ... led by Robin
              (6 damage)
             ... on level 2 of the Dungeon on July 21, 2022.
             The game lasted 00:06:32 (1562 turns).

Pooter the Chopper (Minotaur Monk)                  Turns: 1562, Time: 00:06:33

Health: 0/33       AC:  2    Str: 17    XL:     3   Next: 46%
Magic:  2/2        EV: 13    Int:  7    God:
Gold:   58         SH:  0    Dex: 12    Spells: 2/2 levels left

rFire   . . .      SeeInvis .   n - +0 quarterstaff
rCold   . . .      Faith    .   (shield currently unavailable)
rNeg    . . .      Spirit   .   b - +0 robe
rPois   .          Reflect  .   (helmet restricted)
rElec   .          Harm     .   (no cloak)
rCorr   .          Rampage  .   (no gloves)
Will    .....                   (no boots)
Stlth   ++........              (no amulet)
HPRegen 0.11/turn               (no ring)
MPRegen 0.08/turn               (no ring)

@: no status effects
A: horns 2, retaliatory headbutt
a: no special abilities


You were on level 2 of the Dungeon.
You visited 1 branch of the dungeon, and saw 2 of its levels.

You collected 58 gold pieces.

Inventory:

Hand Weapons
 a - a +0 hand axe
 j - a +1 vorpal spear
   (You found it on level 1 of the Dungeon)
 n - a +0 quarterstaff (weapon)
   (You found it on level 2 of the Dungeon)
Missiles
 Q - 20 stones (quivered)
Armour
 b - a +0 robe (worn)
Scrolls
 f - a scroll of fear
 g - a scroll of teleportation {unknown}
 h - a scroll of identify {unknown}
 l - a scroll of enchant weapon {unknown}
 m - a scroll of noise {unknown}
Potions
 c - a potion of ambrosia
 d - a potion of curing {unknown}
 e - a potion of degeneration {unknown}
 i - a potion of flight {unknown}
 k - a potion of cancellation


   Skills:
 + Level 4.1 Fighting
 * Level 4.4 Axes
 + Level 3.6 Dodging
 + Level 2.1 Stealth


You had 2 spell levels left.
You didn't know any spells.
Your spell library was empty.

Dungeon Overview and Level Annotations

Branches:
Dungeon (2/15)

Altars:

Annotations:
D:2 Robin, Sigmund


Innate Abilities, Weirdness & Mutations

You have a pair of horns on your head.
You reflexively headbutt those who attack you in melee.


Message History

As you open the door, it creaks loudly! 5 goblins come into view.
A goblin is wielding a +2 vampiric dagger.
The goblin shouts! x2; You hear a shout! x5
A goblin comes into view. It is wielding a +0 dagger.
You close the door.
Okay, then.
Okay, then.
You start waiting.
A hobgoblin comes into view.
Robin, 2 hobgoblins and a goblin come into view.
Found a crooked bronze wand.
The goblin shouts!
The goblin hits you with a +2 vampiric dagger.
The goblin barely misses you. The goblin hits you with a +0 club.
There is a broken door here.
You sock the goblin!
You kill the goblin!
The goblin hits you with a +2 vampiric dagger.
You hit the goblin but do no damage. The goblin closely misses you.
You furiously retaliate!
You headbutt the goblin.
You kill the goblin!
The goblin hits you with a +0 club.
The goblin hits you with a +2 vampiric dagger.
Robin roars a battlecry!
The goblins go into a battle-frenzy!
You closely miss the goblin.
Robin laughs in a distinctly smug fashion.
Robin throws the goblin at you! The goblin closely misses you.
The goblin barely misses you. The goblin completely misses you.
The goblin hits you with a +0 dagger.
* * * LOW HITPOINT WARNING * * *
The hobgoblin closely misses you.
The goblin hits you with a +2 vampiric dagger.
* * * LOW HITPOINT WARNING * * *
The goblin hits you with a +0 club.
* * * LOW HITPOINT WARNING * * *
You hit the goblin.
You kill the goblin!
The goblin barely misses you. You furiously retaliate!
You headbutt the goblin!
You kill the goblin!
The hobgoblin closely misses you. The goblin closely misses you.
You furiously retaliate!
You headbutt the goblin, but do no damage.
You hit Robin but do no damage. Robin hits you with a +0 dagger.
* * * LOW HITPOINT WARNING * * *
The hobgoblin barely misses you. The goblin misses you.
You sock Robin! The hobgoblin barely misses you.
Robin throws the goblin at you! The goblin hits you with a +0 dagger.
You die...

#.###.#.#.# ##.
#.##.###..# #>
#.###.#.#.# #. ##+# #.#
#..##.# #. #...#
#.###.###.# #. .....#
#.........# #. ......#
###.#.##### ##
......g####....#########
.....gg@g...............
.....gg####....#########
/....g# ##.#.# .....#
###.# #...# #.# ##+# #.#
#.# #.# #


You could see Robin, 3 hobgoblins and 3 goblins.

Vanquished Creatures
  An adder (D:2)
  2 dart slugs
  A ball python (D:2)
  5 bats
  An endoplasm (D:1)
  3 giant cockroaches
  5 goblins (D:2)
  2 hobgoblins (D:1)
  4 kobolds (D:1)
  2 quokkas (D:1)
  4 frilled lizards (D:1)
  A rat (D:2)
31 creatures vanquished.

Notes
Turn   | Place    | Note
-------+----------+-------------------------------------------
     0 | D:1      | Pooter the Minotaur Monk began the quest for the Orb.
     0 | D:1      | Reached XP level 1. HP: 19/19 MP: 0/0
   413 | D:1      | Reached XP level 2. HP: 24/27 MP: 1/1
   790 | D:1      | Found a faded altar of an unknown god.
  1149 | D:2      | Reached XP level 3. HP: 26/33 MP: 2/2
  1269 | D:2      | Upgraded the game from 0.29-a0-878-g7b45a56547 to
                  | 0.29-a0-885-gb26ba3297d
  1402 | D:2      | Noticed Sigmund
  1556 | D:2      | Noticed Robin
  1562 | D:2      | Slain by a goblin

Illustrated notes

Levels and vault maps discovered:
D:1:      tarquinn_simple_flora_water_e, layout_loops_ring,
          shapermc_ecumenical_altar_mp_highgroup, minmay_pentomino_z2
D:2:      layout_loops_corners, uniq_robin, uniq_jessica, uniq_sigmund

Skill      XL: |  1  2 |
---------------+-------+-----
Axes           | 4 |  4.4
Fighting       | 4 |  4.1
Stealth        | 2 |  2.1
Dodging        | |  3.6

Action                   || total
-------------------------++-------
Melee: Hand axe          ||    26
       Headbutt          ||     9
       Spear             ||    19
       Quarterstaff      ||    11
Throw: Stone             ||     9
  Use: Scroll            ||     1
       Potion            ||     1
 Stab: Sleeping          ||     3
       Distracted        ||     1
Armor: Robe              ||     8
Dodge: Dodged            ||    43

Table legend: (Time is in decaauts)
 A = Elapsed time spent in this place.
 B = Non-inter-level travel time spent in this place.
 C = Inter-level travel time spent in this place.
 D = Time resting spent in this place.
 E = Time spent auto-exploring this place.
 F = Levels seen in this place.
 G = Mean time per level.
                   A        B        C        D        E       F      G
               +--------+--------+--------+--------+--------+-----+--------+
         Total |   1567 |   1471 |     96 |      3 |   1155 |   2 |  783.5 |
       Dungeon |   1567 |   1471 |     96 |      3 |   1155 |   2 |  783.5 |
               +--------+--------+--------+--------+--------+-----+--------+

Top non-repeatable levels by time:
     D:1: 1173 daAuts
     D:2: 394 daAuts
